 Dungeon Crawl Stone Soup version 0.29.0-4-gdea44cf6ec (webtiles) character file.

Game seed: 10409213999017120579

388 qw the Cleaver (level 6, -1/52 HPs)
             Began as a Minotaur Berserker on Sept 10, 2022.
             Was a Follower of Trog.
             Succumbed to a water moccasin's poison
             ... on level 4 of the Dungeon.
             The game lasted 00:00:57 (3612 turns).

qw the Cleaver (Minotaur Berserker)                 Turns: 3612, Time: 00:00:58

Health: -1/52      AC:  9    Str: 23    XL:     6   Next: 49%
Magic:  5/5        EV:  8    Int:  4    God:    Trog [*.....]
Gold:   169        SH:  0    Dex: 10    Spells: 5/5 levels left

rFire   . . .      SeeInvis .   Y - +1 hand axe
rCold   . . .      Faith    .   (no shield)
rNeg    . . .      Spirit   .   h - +0 chain mail
rPois   .          Reflect  .   (helmet restricted)
rElec   .          Harm     .   a - +0 cloak
rCorr   .          Rampage  .   (no gloves)
Will    .....                   (no boots)
Stlth   ..........              (no amulet)
HPRegen 0.17/turn               (no ring)
MPRegen 0.09/turn               (no ring)

@: lethally poisoned (-1 -> -5), on berserk cooldown, slowed, very slow
A: horns 2, retaliatory headbutt
a: Renounce Religion, Berserk


You were on level 4 of the Dungeon.
You worshipped Trog.
Trog was aware of your devotion.
You visited 1 branch of the dungeon, and saw 4 of its levels.

You collected 169 gold pieces.


Innate Abilities, Weirdness & Mutations

You have a pair of horns on your head.
You reflexively headbutt those who attack you in melee.


   Skills:
 - Level 4.2 Fighting
 + Level 8.6 Axes
 - Level 2.4 Armour
 - Level 2.1 Dodging


You had 5 spell levels left.
You didn't know any spells.
Your spell library was empty.

Inventory:

Hand Weapons
 f - a +0 flail
 Y - a +1 hand axe (weapon)
Armour
 a - a +0 cloak (worn)
 h - a +0 chain mail (worn)
Scrolls
 b - a scroll of identify
 c - a scroll of teleportation
Potions
 d - a potion of flight {unknown}
 e - a potion of haste {unknown}
 g - a potion of heal wounds {unknown}

Dungeon Overview and Level Annotations

Branches:
Dungeon (4/15)
 Temple: D:4-7

Altars:

Annotations:
D:2 1 runed translucent door, Crazy Yiuf


Message History

You feel extremely sick. The water moccasin bites you.
You slash the water moccasin!
Your headbutt misses the water moccasin.
The water moccasin is severely wounded.
You feel very sick.
The water moccasin bites you but does no damage.
You closely miss the water moccasin.
Your headbutt misses the water moccasin.
The water moccasin is severely wounded.
You feel very sick. The water moccasin bites you.
You barely miss the water moccasin.
Your headbutt misses the water moccasin.
The water moccasin is severely wounded.
You feel very sick.
The water moccasin bites you but does no damage.
You hit the water moccasin. You headbutt the water moccasin.
You feel the power of Trog in you as your rage grows.
You kill the water moccasin!
Trog accepts your kill.
You feel very sick.
There is a lethal amount of poison in your body!
You feel sick.
There is a lethal amount of poison in your body!
You feel a strong urge to attack something.
You feel sick.
There is a lethal amount of poison in your body!
You feel sick.
There is a lethal amount of poison in your body!
You feel your anger nearly subside.
You feel sick.
There is a lethal amount of poison in your body!
You are no longer berserk.
You are exhausted.
You feel yourself slow down.
You feel sick.
There is a lethal amount of poison in your body!
You feel sick.
There is a lethal amount of poison in your body!
You die...

#..<....#
##.%....#
###.#### #.# #.#
. ###.# #######
### .. #.).#
#.....# ..#.#
#.###
#.....###....#
#.# #......@...#
#.#
##.....###.....!.
#.# #.......#
..###.# #.#
#.#####.# .S#
#.######.#####.#
#.#
#.##........##.#
#.
#.##.#.#..#.##.#
#.
#.##...#.......#
J
##..#..###.#.####


There were no monsters in sight!

Vanquished Creatures
  Sigmund (D:2)
  A water moccasin (D:4)
  Ijyb (D:4)
  2 gnolls (D:1)
  2 adders (D:2)
  A worm (D:3)
  3 dart slugs
  An orc (D:4)
  7 endoplasms
  2 giant cockroaches
  6 goblins
  6 hobgoblins
  6 quokkas
  4 ball pythons
  2 bats
  5 kobolds
  4 rats
54 creatures vanquished.

Vanquished Creatures (others)
  3 plants
3 creatures vanquished.

Grand Total: 57 creatures vanquished

Notes
Turn   | Place    | Note
-------+----------+-------------------------------------------
     0 | D:1      | qw the Minotaur Berserker began the quest for the Orb.
     0 | D:1      | Reached XP level 1. HP: 19/19 MP: 0/0
     0 | D:1      | 0 ||| qw: Version: 0.1-a-116-g5d60599
     0 | D:1      | 0 ||| qw: Game counter: 7693
     0 | D:1      | 0 ||| qw: Always use a shield: true
     0 | D:1      | 0 ||| qw: Do Orc after D:15 true
     0 | D:1      | 0 ||| qw: Do second Lair branch before Depths: true
     0 | D:1      | 0 ||| qw: Lair rune preference: random
     0 | D:1      | 0 ||| qw: Plans: Normal
     0 | D:1      | 0 ||| PLANNING D:1-11
   176 | D:1      | Reached skill level 4 in Axes
   355 | D:1      | Reached XP level 2. HP: 26/26 MP: 1/1
   416 | D:1      | 416 ||| INVOKING Berserk.
   554 | D:1      | 554 ||| DROPPING +0 club.
   569 | D:1      | Reached skill level 5 in Axes
   646 | D:1      | 646 ||| INVOKING Berserk.
   650 | D:1      | Reached XP level 3. HP: 31/31 MP: 2/2
  1123 | D:1      | 1123 ||| UPGRADING to +0 ring mail.
  1133 | D:1      | 1133 ||| DROPPING +0 animal skin.
  1134 | D:1      | 1134 ||| UPGRADING to +0 chain mail.
  1144 | D:1      | 1144 ||| DROPPING +0 ring mail.
  1145 | D:1      | 1145 ||| READING scroll labelled HOYTYV ECAN.
  1146 | D:1      | 1146 ||| READING scroll labelled ENEUSK QUAGG.
  1147 | D:1      | 1147 ||| READING scroll labelled LUOPNU MYBIROS.
  1378 | D:2      | Reached XP level 4. HP: 39/39 MP: 3/3
  1384 | D:2      | 1384 ||| Stepping ~*~*~tactically~*~*~ (stealth).
  1385 | D:2      | Reached ** piety under Trog
  1386 | D:2      | Reached skill level 6 in Axes
  1482 | D:2      | 1482 ||| Stepping ~*~*~tactically~*~*~ (stealth).
  1483 | D:2      | 1483 ||| Stepping ~*~*~tactically~*~*~ (stealth).
  1515 | D:2      | Found a runed translucent door.
  1516 | D:2      | Noticed Crazy Yiuf
  1877 | D:2      | Noticed Sigmund
  1878 | D:2      | 1878 ||| Stepping ~*~*~tactically~*~*~ (hiding).
  1882 | D:2      | 1882 ||| INVOKING Berserk.
  1887 | D:2      | Killed Sigmund
  1888 | D:2      | Reached skill level 8 in Axes
  1888 | D:2      | Reached XP level 5. HP: 45/45 MP: 4/4
  2476 | D:2      | 2476 ||| READING scroll labelled UFRERU ANGUW.
  2617 | D:2      | 2617 ||| READING 2 scrolls labelled MINAYS ETEANEL.
  2618 | D:2      | 2618 ||| READING scroll labelled KITAGEESINN.
  2845 | D:3      | Found a faded altar of an unknown god.
  3327 | D:3      | 3327 ||| UPGRADING to +0 cloak.
  3332 | D:3      | 3332 ||| READING 2 scrolls labelled DAUBOA IMOTAF.
  3333 | D:3      | 3333 ||| READING scroll labelled USTRUL IPOECAB.
  3334 | D:3      | 3334 ||| DROPPING scroll of poison.
  3335 | D:3      | 3335 ||| READING scroll of teleportation.
  3407 | D:4      | Noticed Ijyb
  3408 | D:4      | 3408 ||| Stepping ~*~*~tactically~*~*~ (hiding).
  3415 | D:4      | 3415 ||| INVOKING Berserk.
  3419 | D:4      | Killed Ijyb
  3420 | D:4      | Reached XP level 6. HP: 52/52 MP: 5/5
  3593 | D:4      | Noticed a water moccasin
  3595 | D:4      | 3595 ||| Stepping ~*~*~tactically~*~*~ (stealth).
  3601 | D:4      | 3601 ||| INVOKING Berserk.
  3603 | D:4      | HP: 19/78 [water moccasin (4)]
  3605 | D:4      | Killed a water moccasin
  3607 | D:4      | HP: 9/78 [poisoned by a water moccasin]
  3610 | D:4      | HP: 2/52 [poisoned by a water moccasin]
  3612 | D:4      | Succumbed to a water moccasin's poison

Levels and vault maps discovered:
D:1:      lemuel_arrival_rhombus, layout_loops_cross, serial_bayou_lagoon_b
D:2:      layout_basic, minmay_hexomino_u4, uniq_crazy_yiuf_cottage,
          uniq_sigmund
D:3:      layout_rooms, hellmonk_ecumenical_altar_zigzags, corexii_shack,
          kennysheep_nondescript, minmay_door_square
D:4:      layout_loops_cross, marbit_many_paths,
          minmay_shop_enchanted_jewellery, chequers_decorated_corner, uniq_ijyb

Skill      XL: |  1  2  3  4  5 |
---------------+----------------+-----
Axes           | 4 5 8 |  8.6
Fighting       | 4 |  4.2
Armour         | |  2.4
Dodging        | |  2.1

Action                   |  1- 3 |  4- 6 || total
-------------------------+-------+-------++-------
Melee: Hand axe          |    82 |    60 ||   142
       Headbutt          |     7 |     4 ||    11
       Punch             |     1 |       ||     1
Invok: Berserk           |     2 |     3 ||     5
  Use: Scroll            |     3 |     6 ||     9
Armor: Animal skin       |     2 |       ||     2
       Chain mail        |    15 |    15 ||    30
Dodge: Dodged            |    37 |    17 ||    54

Table legend:
 A = Non-vault XP
 B = Vault XP
 C = Vault XP percentage of total XP
 D = Non-vault monster count
 E = Vault monster count
 F = Vault count percentage of total count
                 A         B        C        D         E       F
            +---------+---------+-------+---------+---------+-------
      Total |     272 |     283 |  51.0 |      47 |       7 |  13.0
            +---------+---------+-------+---------+---------+-------
        D:1 |      71 |       0 |   0.0 |      24 |       0 |   0.0
        D:2 |      31 |     245 |  88.8 |      13 |       5 |  27.8
        D:3 |      16 |       2 |  11.1 |       6 |       1 |  14.3
        D:4 |     154 |      36 |  18.9 |       4 |       1 |  20.0
            +---------+---------+-------+---------+---------+-------
